 Dungeon Crawl Stone Soup version 0.22-a0-469-gf26638a71f (webtiles) character file.

5262 Kriby the Cleaver (level 10, -2/79 HPs)
             Began as a Human Abyssal Knight on June 12, 2018.
             Was an Elder of Lugonu.
             Slain by a two-headed ogre
             ... wielding a +0 giant club
              (27 damage)
             ... on level 8 of the Dungeon on June 13, 2018.
             The game lasted 00:16:19 (12614 turns).

Kriby the Cleaver (Human Abyssal Knight)           Turns: 12614, Time: 00:16:20

Health: -2/79      AC: 14    Str: 15    XL:     10   Next: 93%
Magic:  15/15      EV: 11    Int: 13    God:    Lugonu [****..]
Gold:   220        SH:  3    Dex: 13    Spells: 9/9 levels left

rFire    + + .     SeeInvis .   s - +2 broad axe
rCold    x . .     Gourm    .   v - +0 buckler
rNeg     . . .     Faith    .   n - +1 fire dragon scales
rPois    .         Spirit   .   (no helmet)
rElec    .         Reflect  .   (no cloak)
rCorr    .         Harm     .   i - +0 pair of gloves
MR       ++...     Clarity  +   g - +0 pair of boots
Stlth    ..........             (no amulet)
HPRegen  0.23/turn              m - ring of protection from magic
MPRegen  0.14/turn              q - ring of flight

@: no status effects
A: clarity, magic resistance 1, wild magic 1
a: Depart the Abyss, Bend Space, Banish, Corrupt, Renounce Religion, Evoke
Flight


You were on level 8 of the Dungeon.
You worshipped Lugonu.
Lugonu was greatly pleased with you.
You were not hungry.

You visited 1 branch of the dungeon, and saw 9 of its levels.
You visited the Abyss 1 time.

You collected 310 gold pieces.
You spent 90 gold pieces at shops.

Inventory:

Hand Weapons
 a - a +2 hand axe
 s - a +2 broad axe (weapon)
 z - a +0 hand axe of chopping
Missiles
 l - 4 poisoned javelins (quivered)
Armour
 g - a +0 pair of boots (worn)
 i - a +0 pair of gloves (worn)
 n - +1 fire dragon scales (worn)
 v - a +0 buckler (worn)
Jewellery
 m - a ring of protection from magic (left hand)
 q - a ring of flight (right hand)
Wands
 b - a wand of polymorph (11)
 j - a wand of iceblast (4) {@v4}
Scrolls
 d - 8 scrolls of remove curse {@r2}
 h - 7 scrolls of fog
 o - 5 scrolls of identify {@r1}
 w - 2 scrolls of immolation
Potions
 e - a potion of flight
 k - 4 potions of curing {@q1}
 p - a potion of ambrosia {unknown}
 r - a potion of might {@q4}
 t - a potion of brilliance {unknown}
Comestibles
 c - 13 rations {@e1}
 f - 3 chunks of flesh


   Skills:
 + Level 7.0 Fighting
 * Level 9.3 Axes
 + Level 6.6 Armour
 + Level 6.3 Dodging
 + Level 7.0 Invocations


You had 9 spell levels left.
You didn't know any spells.
Your spell library contained the following spells:

 Spells                   Type           Power        Failure   Level  Hunger
 Bolt of Magma            Conj/Fire/Erth #.........   100%        5    ######.
 Confuse                  Hex            #.......     100%        3    ####...
 Venom Bolt               Conj/Pois      #.........   100%        5    ######.
 Freeze                   Ice            #...         95%         1    ##.....
 Ozocubu's Refrigeration  Ice            #.........   100%        6    #######
 Call Imp                 Summ           #.......     99%         2    ###....
 Tukima's Dance           Hex            #.......     100%        3    ####...
 Iron Shot                Conj/Erth      #.........   100%        6    #######
 Spider Form              Tmut/Pois      #.........   100%        3    ####...
 Blade Hands              Tmut           #.........   100%        5    ######.
 Ice Form                 Ice/Tmut       #.......     100%        4    #####..
 Sticks to Snakes         Tmut           #.......     99%         2    ###....
 Ensorcelled Hibernation  Hex/Ice        #.....       99%         2    ###....
 Summon Butterflies       Summ           #.......     95%         1    ##.....
 Corona                   Hex            #......      95%         1    ##.....
 Orb of Destruction       Conj           #.........   100%        7    #######
 Beastly Appendage        Tmut           #.....       95%         1    ##.....
 Iskenderun's Battlesphe  Conj/Chrm      #.......     100%        5    ######.
 Dazzling Spray           Conj/Hex       #.....       100%        3    ####...
 Summon Forest            Summ/Tloc      #.........   100%        5    ######.
 Spellforged Servitor     Conj/Summ      #.........   100%        7    #######


Dungeon Overview and Level Annotations

Branches:
Dungeon (9/15)             Temple (0/1) D:5            Lair (0/6) D:8
    Orc: D:9-12

Altars:
Ru
Sif Muna
Vehumet
Xom
Zin

Annotations:
D:7 1 runed door
D:8 exclusion: door


Innate Abilities, Weirdness & Mutations

You possess an exceptional clarity of mind.
You are resistant to hostile enchantments. (MR+)
Your spells are a little harder to cast, but a little more powerful.


Message History

There is a stone staircase leading down here.
You start resting.
HP restored.
You climb downwards.
The yak bellows!
The centaur shoots an arrow.
The arrow hits you! The yak closely misses you.
The centaur shoots an arrow.
The arrow hits you! The yak barely misses you.
There is a stone staircase leading up, spattered with blood here.
You see here 3 arrows.
The yak bellows!
The centaur shoots an arrow.
You block the arrow.
The two-headed ogre hits you with a giant club!!
The two-headed ogre hits you with a giant club.
The yak gores you. The yak gores you!
The centaur shoots an arrow.
The arrow hits you but does no damage.
You climb upwards.
Level annotation: exclusion: door
There is a stone staircase leading down here.
The two-headed ogre hits you with a giant club!!
You die...

....# ##..# #<.....#
....# #..####÷##.###
....# #.....#.##.#
....# ##......##.#
....## #......#.#.#
.....## #.....##.#.#
......####.#....#÷#.#
....#.#....#..YO..#.##
##.......####.Y.@....#
....####....#........#
...## ####..........#
...## ##(....)...#
....# #(........#
....# #(.#......##
..#.## #(....###..#
.##..### #.(...# ##.##
.###...### #...#<#
##..#


You could see a two-headed ogre and 2 yaks.

Vanquished Creatures
  Pikel (D:4)
  Sigmund (D:2)
  A spriggan (D:8)
  4 yaks
  Eustachio (D:5)
  Duvessa (D:4)
  2 ice beasts
  A sky beast (D:6)
  An orc warrior (D:9)
  4 slaves
  2 phantoms
  3 ogres
  3 centaurs
  4 bullfrogs
  A water moccasin zombie (D:5)
  A water moccasin skeleton (D:7)
  Dowan (D:4)
  4 killer bees
  3 wights (D:7)
  An electric eel (D:9)
  A crimson imp (D:8)
  2 centaur zombies
  3 hounds
  A jelly (D:8)
  3 orc priests
  6 orc wizards
  2 centaur skeletons
  Jessica (D:3)
  Ijyb (D:3)
  An iguana (D:7)
  10 worker ants
  A killer bee zombie (D:7)
  A hound skeleton (D:6)
  A howler monkey zombie (D:9)
  3 gnolls (D:5)
  A howler monkey skeleton (D:8)
  11 adders
  A shadow imp (D:9)
  4 oozes
  2 adder skeletons
  4 worms
  3 dart slugs (D:1)
  9 leopard geckos
  47 orcs
  A ball python (D:7)
  8 giant cockroaches
  10 goblins
  13 hobgoblins
  6 jackals (D:5)
  7 kobolds
  4 quokkas
  12 bats
  5 frilled lizards
  A giant cockroach zombie (D:5)
  2 jackal skeletons
  A jackal zombie (D:5)
  A leopard gecko skeleton (D:4)
  A quokka zombie (D:5)
  8 rats
239 creatures vanquished.

Vanquished Creatures (others)
  2 two-headed ogres
  An ogre (D:8)
3 creatures vanquished.

Grand Total: 242 creatures vanquished

Notes
Turn   | Place    | Note
-------+----------+-------------------------------------------
     0 | Abyss:1  | Kriby the Human Abyssal Knight began the quest for the Orb.
     0 | Abyss:1  | Reached XP level 1. HP: 18/18 MP: 2/2
     2 | Abyss:1  | Found a corrupted altar of Lugonu.
    44 | Abyss:1  | Noticed an ancient zyme
    45 | D:1      | Escaped the Abyss
   106 | D:1      | Reached * piety under Lugonu
   110 | D:1      | Reached XP level 2. HP: 24/24 MP: 3/3
   313 | D:1      | Reached XP level 3. HP: 27/29 MP: 4/4
   975 | D:2      | Noticed Sigmund
   985 | D:2      | Killed Sigmund
   985 | D:2      | Reached skill level 3 in Axes
   985 | D:2      | Reached XP level 4. HP: 17/37 MP: 4/6
   985 | D:2      | Reached XP level 5. HP: 19/42 MP: 4/7
   985 | D:2      | Reached XP level 6. HP: 22/48 MP: 4/8
  1466 | D:2      | Found a radiant altar of Vehumet.
  1496 | D:2      | Reached ** piety under Lugonu
  2143 | D:2      | Reached skill level 4 in Axes
  2347 | D:3      | Noticed Ijyb
  2369 | D:3      | Killed Ijyb
  2956 | D:3      | Reached XP level 7. HP: 51/54 MP: 9/9
  2959 | D:3      | Reached *** piety under Lugonu
  3048 | D:3      | Noticed Jessica
  3053 | D:3      | Killed Jessica
  3844 | D:4      | Noticed Pikel
  4398 | D:4      | Noticed Dowan
  4398 | D:4      | Noticed Duvessa
  4404 | D:4      | Killed Dowan
  4411 | D:4      | Killed Duvessa
  4411 | D:4      | Reached skill level 5 in Axes
  4589 | D:4      | Killed Pikel
  4589 | D:4      | Reached XP level 8. HP: 29/61 MP: 9/11
  4776 | D:4      | Reached skill level 6 in Axes
  4788 | D:4      | Gained mutation: You are resistant to hostile enchantments. (MR+) [potion of mutation]
  4788 | D:4      | Gained mutation: Your spells are a little harder to cast, but a little more powerful. [potion of mutation]
  4788 | D:4      | Gained mutation: You possess an exceptional clarity of mind. [potion of mutation]
  5264 | D:5      | Entered Level 5 of the Dungeon
  5278 | D:5      | Reached skill level 5 in Fighting
  5325 | D:5      | Noticed Eustachio
  5461 | D:5      | Killed Eustachio
  5461 | D:5      | Reached XP level 9. HP: 57/68 MP: 12/12
  5883 | D:5      | Reached skill level 5 in Invocations
  6349 | D:5      | Reached **** piety under Lugonu
  6620 | D:5      | Found a staircase to the Ecumenical Temple.
  6875 | D:6      | Reached skill level 5 in Armour
  7104 | D:6      | Reached skill level 7 in Axes
  7702 | D:7      | Found Zin's Purification Station.
  7709 | D:7      | Found a glowing silver altar of Zin.
  7712 | D:7      | Bought a potion of curing for 90 gold pieces
  8243 | D:7      | Found a runed door.
  8322 | D:7      | Reached skill level 5 in Dodging
  9065 | D:7      | Noticed a two-headed ogre
  9073 | D:7      | Banished a two-headed ogre
  9073 | D:7      | Reached skill level 8 in Axes
  9073 | D:7      | Reached XP level 10. HP: 76/76 MP: 14/14
  9106 | D:7      | Found a shimmering altar of Xom.
  9241 | D:7      | Identified the Tome of Freezing Summoning
  9691 | D:8      | Found a staircase to the Lair.
 11136 | D:8      | Found a deep blue altar of Sif Muna.
 11641 | D:9      | Found a sacrificial altar of Ru.
 11732 | D:9      | Noticed a two-headed ogre
 11741 | D:9      | Banished a two-headed ogre
 11741 | D:9      | Reached skill level 9 in Axes
 12082 | D:9      | Noticed a deep troll
 12200 | D:9      | Noticed a two-headed ogre
 12614 | D:8      | Slain by a two-headed ogre

Vault maps used:
D:1:      dpeg_arrival_fog
D:2:      vehumet_crystals, first_ration, minmay_box_of_dots, uniq_sigmund
D:3:      uniq_ijyb, uniq_jessica
D:4:      due_unseen_surprise, uniq_duvessa, uniq_pikel
D:5:      minmay_temple_entry_butterflies, roderic_lattice_a, uniq_eustachio
D:7:      marbit_many_paths, zin_purify, uniq_crazy_yiuf_cottage
D:8:      lair_entry_dummy, the_bakery, led_sif_book
D:9:      lemuel_troll_bridge, lemuel_round_altar

Skill      XL: |  1  2  3  4  5  6  7  8  9 10 |
---------------+-------------------------------+-----
Axes           | 3 4 5 6 8 9 |  9.3
Armour         | 3 4 5 6 |  6.6
Dodging        | 2 3 4 5 6 |  6.3
Invocations    | 3 4 6 7 |  7.0
Fighting       | 4 5 6 7 |  7.0

Action                   |  1- 3 |  4- 6 |  7- 9 | 10-12 || total
-------------------------+-------+-------+-------+-------++-------
Melee: Hand axe          |    85 |   194 |   771 |       ||  1050
       Broad axe         |       |       |    19 |   261 ||   280
Throw: Javelin           |     4 |       |     3 |       ||     7
Invok: Depart the Abyss  |     1 |       |       |       ||     1
       Banish            |       |       |       |     3 ||     3
Evoke: Wand              |       |       |     4 |     2 ||     6
  Use: Scroll            |       |     5 |     7 |     3 ||    15
       Potion            |       |       |     7 |     1 ||     8
  Eat: Chunk             |       |     7 |    21 |     6 ||    34
       Ration            |       |       |       |     2 ||     2
Armor: Leather armour    |     7 |       |       |       ||     7
       Ring mail         |    27 |    52 |       |       ||    79
       Fire dragon scale |       |    62 |   316 |   138 ||   516
Dodge: Dodged            |    47 |    98 |   334 |   143 ||   622
Block: Buckler           |       |       |    59 |    38 ||    97

Table legend:
 A = Spawn XP
 B = Non-spawn XP
 C = Spawn XP percentage of total XP
 D = Spawn monster count
 E = Non-spawn monster count
 F = Spawn count percentage of total count
 G = Total turns spent on level
                    A         B        C        D         E        F      G
               +---------+---------+-------+---------+---------+-------+---------
         Total |       0 |    7518 |   0.0 |       0 |     238 |   0.0 | 12614
               +---------+---------+-------+---------+---------+-------+---------
           D:1 |       0 |      54 |   0.0 |       0 |      25 |   0.0 |   889
           D:2 |       0 |     314 |   0.0 |       0 |      31 |   0.0 |  1289
           D:3 |       0 |     314 |   0.0 |       0 |      44 |   0.0 |  1671
           D:4 |       0 |    1142 |   0.0 |       0 |      21 |   0.0 |  1472
           D:5 |       0 |     581 |   0.0 |       0 |      31 |   0.0 |  1417
           D:6 |       0 |     459 |   0.0 |       0 |      14 |   0.0 |   900
           D:7 |       0 |    1834 |   0.0 |       0 |      29 |   0.0 |  2675
           D:8 |       0 |    1871 |   0.0 |       0 |      31 |   0.0 |  1602
           D:9 |       0 |     949 |   0.0 |       0 |      12 |   0.0 |   654
               +---------+---------+-------+---------+---------+-------+---------
